 Dungeon Crawl Stone Soup version 0.29-a0-613-gf2c431b9b9 (webtiles) character file.

Game seed: 285715627331094498

75 moldycheese5 the Ruffian (level 4, -2/35 HPs)
             Began as a Demonspawn Berserker on June 16, 2022.
             Was a Follower of Trog.
             Slain by a gnoll
             ... wielding a +0 halberd
              (9 damage)
             ... on level 2 of the Dungeon.
             The game lasted 00:03:13 (1705 turns).

moldycheese5 the Ruffian (Demonspawn Berserker)     Turns: 1705, Time: 00:03:16

Health: -2/35      AC:  5    Str: 20    XL:     4   Next: 11%
Magic:  4/4        EV: 11    Int:  8    God:    Trog [*.....]
Gold:   49         SH:  0    Dex: 12    Spells: 3/3 levels left

rFire   . . .      SeeInvis .     - Unarmed
rCold   . . .      Faith    .   (no shield)
rNeg    . . .      Spirit   .   i - +0 ring mail
rPois   .          Reflect  .   (helmet restricted)
rElec   .          Harm     .   (no cloak)
rCorr   .          Rampage  .   (no gloves)
Will    ++...                   (no boots)
Stlth   +.........              g - amulet of the acrobat
HPRegen 1.11/turn               (no ring)
MPRegen 0.09/turn               (no ring)

@: strong-willed, regenerating
A: antennae 1
a: Renounce Religion, Berserk


You were on level 2 of the Dungeon.
You worshipped Trog.
Trog was aware of your devotion.
You visited 1 branch of the dungeon, and saw 2 of its levels.

You collected 49 gold pieces.

Inventory:

Armour
 a - a +0 animal skin
 c - a +2 helmet of see invisible
 i - a +0 ring mail (worn)
Jewellery
 g - an amulet of the acrobat (around neck)
Wands
 h - a wand of flame (24)
 j - a wand of paralysis (11)
Scrolls
 b - a scroll of vulnerability {unknown}
 d - 2 scrolls of teleportation {unknown}
 e - 2 scrolls of magic mapping {unknown}
 k - a scroll of identify {unknown}
 m - a scroll of poison {unknown}
Potions
 f - a potion of heal wounds {unknown}
 l - 2 potions of berserk rage {unknown}
 n - a potion of lignification {unknown}


   Skills:
 + Level 3.4 Fighting
 + Level 2.0 Armour
 + Level 2.4 Dodging
 + Level 0.5 Stealth
 + Level 3.6 Unarmed Combat


You had 3 spell levels left.
You didn't know any spells.
Your spell library was empty.

Dungeon Overview and Level Annotations

Branches:
Dungeon (2/15)

Altars:


Innate Abilities, Weirdness & Mutations

You have a pair of small antennae on your head.


Message History

No target in view!
No target in view!
No target in view!
You see here a quokka corpse.
n - a coppery potion You see here a quokka corpse.
You see here 4 poisoned darts.
You see here 4 poisoned darts.
You see here a quokka corpse.
Found a whip. 2 gnolls come into view.
The gnoll shouts! x2
A gnoll comes into view. It is wielding a +0 whip.
There are monsters nearby!
There are monsters nearby!
The gnoll misses you. The gnoll completely misses you.
The gnoll closely misses you.
You hit the gnoll.
The gnoll is moderately wounded.
The gnoll closely misses you.
The gnoll hits you from afar with a +0 spear.
You punch the gnoll!
The gnoll is almost dead.
The gnoll barely misses you. The gnoll closely misses you.
The gnoll barely misses you.
You completely miss the gnoll.
The gnoll is almost dead.
The gnoll hits you from afar with a +0 spear!
The gnoll hits you with a +0 halberd!
You are too injured to fight recklessly!
You are too injured to fight recklessly!
You are too injured to fight recklessly!
You are too injured to fight recklessly!
Your skin crawls.
You feel strong-willed.
You can no longer call upon Trog for regeneration and willpower.
The gnoll hits you from afar with a +0 spear!
* * * LOW HITPOINT WARNING * * *
The gnoll closely misses you. The gnoll hits you with a +0 halberd!
You die...

# .# ##.# #. .g.
#.####g#.##
#)#..@g...#
#.#.#####.# #.#.#
#.# #.#.# #.# ###
#.#.# #.#### ..
#...#####..... #
###.......##########
# ####.##..........#
# #.##.########.#


You could see 3 gnolls.

Vanquished Creatures
  Jessica (D:2)
  3 adders (D:2)
  6 ball pythons (D:2)
  4 bats
  A giant cockroach (D:1)
  2 hobgoblins (D:2)
  A kobold (D:2)
  2 quokkas (D:2)
  A frilled lizard (D:1)
  2 goblins (D:2)
  A rat (D:2)
24 creatures vanquished.

Vanquished Creatures (others)
  6 plants (D:2)
6 creatures vanquished.

Grand Total: 30 creatures vanquished

Notes
Turn   | Place    | Note
-------+----------+-------------------------------------------
     0 | D:1      | moldycheese5 the Demonspawn Berserker began the quest for
                  | the Orb.
     0 | D:1      | Reached XP level 1. HP: 18/18 MP: 1/1
   418 | D:2      | Noticed Jessica
   426 | D:2      | Killed Jessica
   427 | D:2      | Discovered your monstrous ancestry.
   427 | D:2      | Gained mutation: You have a pair of small antennae on your
                  | head. [demonic ancestry]
   427 | D:2      | Reached XP level 2. HP: 17/24 MP: 2/2
   427 | D:2      | Reached XP level 3. HP: 20/29 MP: 3/3
  1317 | D:2      | Reached XP level 4. HP: 27/35 MP: 4/4
  1623 | D:2      | Reached ** piety under Trog
  1705 | D:2      | Slain by a gnoll

Illustrated notes

Levels and vault maps discovered:
D:1:      lightli_arrival_noodles, layout_rooms, grunt_decor_resistance
D:2:      layout_loops_ring, minmay_shallow_snake_nest, uniq_jessica

Skill      XL: |  1  2  3 |
---------------+----------+-----
Dodging        | 2 |  2.4
Unarmed Combat | 3 |  3.6
Armour         | 2 |  2.0
Fighting       | |  3.4
Stealth        | |  0.5

Action                   |  1- 3 |  4- 6 || total
-------------------------+-------+-------++-------
Melee: Unarmed           |    65 |     9 ||    74
       Punch             |     3 |       ||     3
Invok: Berserk           |     1 |       ||     1
       Trog's Hand       |       |     1 ||     1
 Stab: Distracted        |     1 |       ||     1
Armor: Animal skin       |     5 |       ||     5
       Ring mail         |     6 |       ||     6
Dodge: Dodged            |    50 |    14 ||    64

Table legend: (Time is in decaauts)
 A = Elapsed time spent in this place.
 B = Non-inter-level travel time spent in this place.
 C = Inter-level travel time spent in this place.
 D = Time resting spent in this place.
 E = Time spent auto-exploring this place.
 F = Levels seen in this place.
 G = Mean time per level.
                   A        B        C        D        E       F      G
               +--------+--------+--------+--------+--------+-----+--------+
         Total |   1706 |   1680 |     26 |    410 |   1068 |   2 |  853.0 |
       Dungeon |   1706 |   1680 |     26 |    410 |   1068 |   2 |  853.0 |
               +--------+--------+--------+--------+--------+-----+--------+

Top non-repeatable levels by time:
     D:2: 1288 daAuts
     D:1: 417 daAuts
